 Dungeon Crawl Stone Soup version 0.17.2-1-ge4368a0 (webtiles) character file.

32 tidbits the Insei (level 2, -2/22 HPs)
             Began as a Demigod Transmuter on Aug 26, 2017.
             Killed from afar by an orc wizard (6 damage)
             ... with a magic dart
             ... on level 3 of the Dungeon.
             The game lasted 00:08:27 (599 turns).

tidbits the Insei (Demigod Transmuter)               Turns: 599, Time: 00:08:27

Health: -2/22      AC:  2    Str: 13    XL:     2   Next: 96%
Magic:  7/8        EV: 12    Int: 17    God:
Gold:   37         SH:  0    Dex: 16    Spells: 2 memorised, 3 levels left

rFire  . . .     SeeInvis .       - Unarmed
rCold  . . .     Clarity  .     b - +0 robe
rNeg   . . .     SustAt   +     (no shield)
rPois  .         Gourm    .     (no helmet)
rElec  .         Spirit   .     (no cloak)
rCorr  .         Warding  .     (no gloves)
rMut   .         Stasis   .     (no boots)
MR     .....                    (no amulet)
Stlth  +.........               (no ring)
                                g - ring of wizardry

@: not resistant to hostile enchantments, very unstealthy
A: high mp 1, sustain attributes
a: no special abilities


You were on level 3 of the Dungeon.
You were not hungry.

You visited 1 branch of the dungeon, and saw 3 of its levels.

You collected 37 gold pieces.

Inventory:

Hand Weapons
 h - a +2 hand axe of venom
   (You took it off an orc on level 3 of the Dungeon)
Missiles
 a - 11 arrows
 e - 13 poisoned needles
 f - 37 stones (quivered)
Armour
 b - a +0 robe (worn)
 j - a +0 pair of gloves
   (You found it on level 1 of the Dungeon)
Jewellery
 g - a ring of wizardry (left hand)
   (You found it on level 1 of the Dungeon)
Scrolls
 k - a scroll of immolation {unknown}
 n - a scroll of teleportation {unknown}
 o - a scroll of enchant armour {unknown}
 r - a scroll of remove curse
Potions
 p - a potion of flight
Books
 c - a book of Changes

   Spells                             Type                      Level
   a - Beastly Appendage              Transmutation                1
   b - Sticks to Snakes               Transmutation                2
   c - Spider Form                    Transmutation/Poison         3
   d - Ice Form                       Ice/Transmutation            4
   e - Blade Hands                    Transmutation                5
Comestibles
 d - 2 bread rations
 i - a meat ration
 l - a slice of pizza
 m - a beef jerky


   Skills:
 - Level 0.8 Fighting
 - Level 1.7 Dodging
 * Level 3.0 Unarmed Combat
 - Level 2.5 Spellcasting
 + Level 2.1 Transmutations


You had 3 spell levels left.
You knew the following spells:

 Your Spells              Type           Power        Failure   Level  Hunger
e - Beastly Appendage     Trmt           #.....       4%          1    #......
k - Sticks to Snakes      Trmt           #.........   6%          2    ##.....


Dungeon Overview and Level Annotations

Branches:
Dungeon (3/15)


Innate Abilities, Weirdness & Mutations

You have an increased reservoir of magic (+10% MP).
Your attributes are resistant to harm.


Message History

Confirm with . or Enter, or press ? or * to list all spells.
Your feet morph into talons.
The bat barely misses you. The bat closely misses you.
Found 10 gold pieces.
You barely miss the bat. Your kick misses the bat.
The bat hits you but does no damage. The bat misses you.
You barely miss the bat. The bat hits you.
* * * LOW HITPOINT WARNING * * *
The bat hits you.
* * * LOW HITPOINT WARNING * * *
You closely miss the hobgoblin. The hobgoblin barely misses you.
You barely miss the hobgoblin. Your kick misses the hobgoblin.
The bat hits you.
* * * LOW HITPOINT WARNING * * *
The hobgoblin closely misses you.
Drink which item? (? for menu, Esc to quit)
It was a potion of might.
You feel very mighty all of a sudden. The bat hits you.
* * * LOW HITPOINT WARNING * * *
The hobgoblin hits you.
* * * LOW HITPOINT WARNING * * *
You hit the hobgoblin. Your kick misses the hobgoblin.
The hobgoblin is moderately wounded.
The bat misses you. The hobgoblin hits you.
* * * LOW HITPOINT WARNING * * *
You barely miss the bat.
Your transformation is almost over.
The bat hits you but does no damage. The bat barely misses you.
The hobgoblin closely misses you.
You barely miss the bat. Your kick misses the bat. The bat closely misses you.
The bat closely misses you. The hobgoblin barely misses you.
The bat completely misses you. The bat closely misses you.
You punch the bat!
You kill the bat!
Your Transmutations skill increases to level 2!
You punch the hobgoblin!
You kill the hobgoblin!
Your talons disappear.
There is a stone staircase leading down here.
You climb downwards.
The rat barely misses you.
There is a stone staircase leading up here.
You hit the rat.
You kill the rat!
You see here a rat corpse.
There is a stone staircase leading up here.
Read which item? (? for menu, Esc to quit)
As you read the scroll labeled KISOKU NIDECH, it crumbles to dust.
You feel blessed for a moment.
It was a scroll of remove curse.
Adjust (i)tems, (s)pells, or (a)bilities?
Adjust which item? (? for menu, Esc to quit)
h - a scroll of remove curse Adjust to which letter? (? for menu, Esc to quit)
r - a scroll of remove curse
Okay, then.
Okay, then.
Found 13 poisoned needles.
You see here 13 poisoned needles.
e - 13 poisoned needles A hobgoblin comes into view.
It is wielding a club.
The hobgoblin shouts!
You punch the hobgoblin!
You kill the hobgoblin!
Things that are here:
a club; a hobgoblin corpse
Found a mace.
Found a robe.
A kobold and an orc come into view.
The kobold shouts!
You hear a shout!
You hear a shout!
The kobold hits you.
* * * LOW HITPOINT WARNING * * *
An orc comes into view. It is wielding a hand axe.
You barely miss the orc. The orc barely misses you.
You hit the orc.
The orc is moderately wounded.
You hit the orc.
You kill the orc!
You punch the kobold!
You kill the kobold!
You punch the orc!
You kill the orc!
Unknown command.
You feel a little less mighty now.
You see here a mace.
Items here: )) [[ † a hand axe; a scale mail; a hand axe of venom; a chain mail; an orc corpse
h - a hand axe of venom An orc comes into view.
Items here: ) [[ † a hand axe; a scale mail; a chain mail; an orc corpse
Okay, then.
Casting: Beastly Appendage
Confirm with . or Enter, or press ? or * to list all spells.
You create a snake!
An orc wizard comes into view. It is wielding a dagger.
The orc wizard shouts!
The orc wizard casts a spell at you. The magic dart hits you!
You die...

#.#.(♣♣♣.PP# #..#
.....P♣ .P# #..#
#.#.P♣P..P## #..#
#..P♣♣P...# #..#
###.P.
...########..#
####.#......[.....#
########.S).##
#...##.### #..#@#
#..#o..# #..#..####
o..#... # ####


You could see an orc wizard and a friendly adder.

Vanquished Creatures
  A giant gecko (D:2)
  2 orcs (D:3)
  A ball python (D:1)
  A giant cockroach (D:1)
  6 hobgoblins
  3 bats
  A giant newt (D:2)
  5 goblins
  5 kobolds
  4 rats
29 creatures vanquished.

Notes
Turn   | Place    | Note
--------------------------------------------------------------
     0 | D:1      | tidbits the Demigod Transmuter began the quest for the Orb.
     0 | D:1      | Reached XP level 1. HP: 15/15 MP: 5/5
   192 | D:1      | Reached XP level 2. HP: 10/22 MP: 5/7
   196 | D:1      | Learned a level 2 spell: Sticks to Snakes
   472 | D:2      | Reached skill level 3 in Unarmed Combat
   502 | D:2      | HP: 2/22 [hobgoblin[Robin] (5)]
   507 | D:2      | Reached skill level 2 in Transmutations
   566 | D:3      | HP: 2/22 [kobold (3)]
   599 | D:3      | Killed from afar by an orc wizard

Action                   || total
-------------------------++-------
Melee: Unarmed           ||    88
Throw: Stone             ||     5
 Cast: Beastly Appendage ||    19
       Sticks to Snakes  ||     1
  Use: Scroll            ||     4
       Potion            ||     1
 Stab: Sleeping          ||     1

Table legend:
 A = Turns spent in this place as a percentage of turns spent in the entire game.
 B = Non-inter-level travel turns spent in this place as a percentage of non-inter-level travel turns spent in the entire game.
 C = Inter-level travel turns spent in this place as a percentage of turns spent in this place.
 D = Turns resting spent in this place as a percentage of non-inter-level travel turns spent in this place.
 E = Turns spent auto-exploring this place as a percentage of non-inter-level travel turns spent in this place.
 F = Non-inter-level travel turns spent in this place divided by the number of levels of this place that you've seen.
                   A       B       C       D       E      F
               +-------+-------+-------+-------+-------+----------------------
         Total | 100.0 | 100.0 |   0.3 |   0.0 |   0.0 | 200.3
       Dungeon | 100.0 | 100.0 |   0.3 |   0.0 |   0.0 | 200.3
               +-------+-------+-------+-------+-------+----------------------

Table legend:
 A = Kills in this place as a percentage of kills in entire the game.
 B = Kills by you in this place as a percentage of kills by you in the entire game.
 C = Kills by friends in this place as a percentage of kills by friends in the entire game.
 D = Other kills in this place as a percentage of other kills in the entire game.
 E = Experience gained in this place as a percentage of experience gained in the entire game.
 F = Experience gained in this place divided by the number of levels of this place that you have seen.
                   A       B       C       D       E      F
               +-------+-------+-------+-------+-------+----------------------
         Total | 100.0 | 100.0 |  -nan |  -nan | 100.0 |  15.7
       Dungeon | 100.0 | 100.0 |  -nan |  -nan | 100.0 |  15.7
               +-------+-------+-------+-------+-------+----------------------

Vault maps used:
D:1:      dpeg_arrival_round_a
D:2:      uniq_robin, uniq_jessica
D:3:      marbit_many_paths, serial_forest, infiniplex_forest_end_3,
          infiniplex_forest_clump_diagonal, infiniplex_forest_straight_4,
          infiniplex_forest_lined_1, infiniplex_forest_lined_3
